 Dungeon Crawl Stone Soup version 0.30-a0-878-gc727b3d3d6 (webtiles) character file.

Game seed: 6755981338703615029

11 M4edhros the Cudgeller (level 2, -2/21 HPs)
             Began as an Octopode Chaos Knight on Mar 12, 2023.
             Was a Plaything of Xom.
             Slain by a frilled lizard (3 damage)
             ... on level 1 of the Dungeon.
             The game lasted 00:00:11 (186 turns).

M4edhros the Cudgeller (Octopode Chaos Knight)       Turns: 186, Time: 00:00:12

Health: -2/21      AC:  1    Str: 11    XL:     2   Next: 25%
Magic:  2/2        EV: 13    Int: 14    God:    Xom [......]
Gold:   12         SH:  0    Dex: 11    Spells: 1/1 levels left

rFire   . . .      SeeInvis .    a - +0 mace (chaos)
rCold   . . .      Faith    .    (no shield)
rNeg    . . .      Spirit   .    (helmet restricted)
rPois   .          Reflect  .    (no amulet)
rElec   .          Rampage  .    (no ring)
rCorr   .                        (no ring)
Will    .....                    (no ring)
Stlth   ++                       (no ring)
HPRegen 0.23/turn                (no ring)
MPRegen 0.08/turn                (no ring)
                                 (no ring)
                                 (no ring)

@: mighty
A: almost no armour, amphibious, 8 rings, camouflage 1, gelatinous body 1,
(nimble swimmer 1), tentacles
a: Renounce Religion


You were on level 1 of the Dungeon.
You worshipped Xom.
You were a very special plaything of Xom.
You visited 1 branch of the dungeon, and saw 1 of its levels.

You collected 12 gold pieces.

Inventory:

Hand Weapons
 a - a +0 mace of chaos (weapon)
Potions
 c - a potion of berserk rage {unknown}
Miscellaneous
 b - a piece from Xom's chessboard (15/15) (quivered)


   Skills:
 - Level 3.0 Fighting
 + Level 3.6 Maces & Flails
 - Level 2.3 Dodging


You had one spell level left.
You didn't know any spells.
Your spell library was empty.

Dungeon Overview and Level Annotations

Branches:
Dungeon (1/15)

Altars:


Innate Abilities, Weirdness & Mutations

You cannot wear most types of armour.
You are amphibious.
You can wear up to eight rings at the same time.
Your skin changes colour to match your surroundings (Stealth+).
Your rubbery body absorbs attacks. (AC +1, EV +1)
((You are camouflaged when in or above water. (Stealth+)))
You have tentacles for arms and can constrict up to eight enemies at once.


Message History

The bat misses you. The goblin hits you with a +0 club.
The bat closely misses you. The bat closely misses you.
A ball python comes into view.
The frilled lizard barely misses you. The bat hits you but does no damage.
Unknown command.
You completely miss the goblin.
The ball python hisses angrily.
Your grab misses the goblin.
The goblin is severely wounded.
The bat closely misses you. The hobgoblin misses you.
The goblin hits you with a +0 club. The frilled lizard bites you.
Unknown command.
You closely miss the goblin. Your grab misses the goblin.
The goblin is heavily wounded.
The bat barely misses you. The bat hits you but does no damage.
The hobgoblin hits you. The goblin barely misses you.
The frilled lizard bites you.
Unknown command.
You are too injured to fight recklessly!
You miss the bat. Your grab misses the bat. The bat closely misses you.
The hobgoblin barely misses you. The goblin barely misses you.
The bat barely misses you. The frilled lizard closely misses you.
The frilled lizard bites you.
* * * LOW HITPOINT WARNING * * *
The hobgoblin barely misses you. The goblin hits you with a +0 club.
* * * LOW HITPOINT WARNING * * *
You are too injured to fight recklessly!
You are too injured to fight recklessly!
You are too injured to fight recklessly!
Unknown command.
You are too injured to fight recklessly!
Unknown command.
You miss the goblin. You grab the goblin.
The goblin is heavily wounded.
You constrict the goblin, but do no damage.
The bat hits you.
* * * LOW HITPOINT WARNING * * *
The frilled lizard bites you.
You die...

#............#
##............##
................#
................#
................#
.......†..)......#
.................#
##....gg.........#
....b.S@.........
...#####l.......
... #........ ..
#........ .......
....... .......
.....##


You could see a hobgoblin, a goblin, a bat, a ball python and a frilled lizard.

Vanquished Creatures
  A bat (D:1)
  2 endoplasms (D:1)
  A goblin (D:1)
  A quokka (D:1)
  2 frilled lizards (D:1)
  A kobold (D:1)
  3 rats (D:1)
11 creatures vanquished.

Notes
Turn   | Place    | Note
-------+----------+-------------------------------------------
     0 | D:1      | M4edhros the Octopode Chaos Knight began the quest for the
                  | Orb.
     0 | D:1      | Reached XP level 1. HP: 16/16 MP: 1/1
   100 | D:1      | Reached XP level 2. HP: 15/21 MP: 2/2
   180 | D:1      | XOM: potion effect (might)
   186 | D:1      | HP: 1/21 [bat (1)]
   186 | D:1      | Slain by a frilled lizard

Illustrated notes

Levels and vault maps discovered:
D:1:      sevenhm_arrival_forest_fort_small_4, layout_basic, serial_shops,
          nicolae_diamond_shop

Action                     || total
---------------------------++-------
  Melee: Mace              ||    25
         Constrict         ||     6
         Tentacles         ||     5
   Stab: Sleeping          ||     2
 Armour: Skin              ||     5
  Dodge: Dodged            ||    27

Table legend: (Time is in decaauts)
 A = Elapsed time spent in this place.
 B = Non-inter-level travel time spent in this place.
 C = Inter-level travel time spent in this place.
 D = Time resting spent in this place.
 E = Time spent auto-exploring this place.
 F = Levels seen in this place.
 G = Mean time per level.
                   A        B        C        D        E       F      G
               +--------+--------+--------+--------+--------+-----+--------+
         Total |    191 |    191 |      0 |      0 |    117 |   1 |  191.0 |
       Dungeon |    191 |    191 |      0 |      0 |    117 |   1 |  191.0 |
               +--------+--------+--------+--------+--------+-----+--------+

Top non-repeatable levels by time:
     D:1: 191 daAuts
